| TOP OF THE 1ST |
|
Rice University Owls batting - Pitching for University of Arizona Wildcats : LHP Jamal Jeter
|
|
Pitching: LHP Jamal Jeter
|
|
|
Batting: RHB Russ Kennett
|
0-0: Fly out, F7 (Flyball, 78M, EV 84.4 MPH)
|
|
Batting: LHB David Coatney
|
0-0: Called Strike 0-1: Ball 1-1: Swinging Strike 1-2: Foul Ball, location: 2F 1-2: Fly out, F8 (Line Drive, 8LD, EV 102.5 MPH)
|
|
Batting: LHB Eddie Lemus
|
0-0: Fly out, F6 (Popup, 6, EV 68.1 MPH)
|
| Top of the 1st over - 0 runs, 0 hits, 0 errors, 0 left on base; Rice University 0 - University of Arizona 0 |
| BOTTOM OF THE 1ST |
|
University of Arizona Wildcats batting - Pitching for Rice University Owls : RHP Ruben Lozano
|
|
Pitching: RHP Ruben Lozano
|
|
|
Batting: RHB Ron Dondale
|
0-0: Ball 1-0: Swinging Strike 1-1: Ball 2-1: Called Strike 2-2: Foul Ball, location: 2F 2-2: Ground out U3 (Groundball, 13, EV 88.8 MPH)
|
|
Batting: RHB Eddy Amaya
|
0-0: Ball 1-0: Foul Ball, location: 2F 1-1: Swinging Strike 1-2: Hit by Pitch
|
|
Batting: RHB C.J. Wells
|
0-0: Ball 1-0: Called Strike 1-1: Ball 2-1: Ball 3-1: Base on Balls Eddy Amaya to second
|
|
Batting: RHB Jose Velez
|
0-0: Ball 1-0: Ball 2-0: Swinging Strike 2-1: Swinging Strike 2-2: Strikes out swinging
|
|
Batting: LHB Pascal Noël
|
0-0: Called Strike 0-1: Ball 1-1: Foul Ball, location: 2F 1-2: Ball 2-2: Ball 3-2: SINGLE (Groundball, 6MD, EV 98.8 MPH) Eddy Amaya to third C.J. Wells to second Eddy Amaya scores C.J. Wells to third
|
|
Batting: RHB Alejandro de Jesus
|
0-0: Called Strike 0-1: Ball 1-1: Foul Ball, location: 2F 1-2: Ball 2-2: Ground out 1-3 (Groundball, 34S, EV 71.9 MPH)
|
| Bottom of the 1st over - 1 run, 1 hit, 0 errors, 2 left on base; Rice University 0 - University of Arizona 1 |
| TOP OF THE 2ND |
|
Rice University Owls batting - Pitching for University of Arizona Wildcats : LHP Jamal Jeter
|
|
Batting: SHB Yu-hsui Lew
|
0-0: DOUBLE (Flyball, 8LXD, EV 109.4 MPH)
|
|
Batting: LHB Dave Marin
|
0-0: Called Strike 0-1: Called Strike 0-2: Fly out, F5 (Line Drive, 5L, EV 70.0 MPH)
|
|
Batting: RHB Yu-zeng Mai
|
0-0: Ball 1-0: Called Strike 1-1: Ball 2-1: Foul Ball, location: 2F 2-2: SINGLE (Groundball, 4S, EV 70.6 MPH) (infield hit) Yu-hsui Lew to third
|
|
Batting: RHB Alonzo Cardona
|
0-0: Ball 1-0: Ball 2-0: Called Strike 2-1: Foul Ball, location: 2F 2-2: Strikes out swinging
|
|
Batting: RHB John Burgis
|
0-0: Called Strike 0-1: SINGLE (Groundball, 4D, EV 105.6 MPH) Yu-hsui Lew scores Yu-zeng Mai to second Runner from 2nd tries for 3rd, SAFE, no throw by CF
|
|
Batting: SHB Roderick Speed
|
0-0: Called Strike 0-1: SINGLE (Line Drive, 6D, EV 105.0 MPH) Yu-zeng Mai scores John Burgis to second
|
|
Batting: RHB Russ Kennett
|
0-0: Ball 1-0: Foul Ball, location: 2F 1-1: Ball 2-1: SINGLE (Flyball, 34D, EV 89.4 MPH) John Burgis to third Roderick Speed to second Runner from 3rd tries for Home, SAFE, throw by RF to home
|
|
Batting: LHB David Coatney
|
0-0: Called Strike 0-1: Fielders Choice at 2nd, 6-4 (Groundball, 6, EV 92.5 MPH)
|
| Top of the 2nd over - 3 runs, 5 hits, 0 errors, 2 left on base; Rice University 3 - University of Arizona 1 |
| BOTTOM OF THE 2ND |
|
University of Arizona Wildcats batting - Pitching for Rice University Owls : RHP Ruben Lozano
|
|
Batting: LHB Andrew Davis
|
0-0: Ground out 6-3 (Groundball, 56, EV 102.5 MPH)
|
|
Batting: SHB George Grace
|
0-0: Ball 1-0: Swinging Strike 1-1: Called Strike 1-2: Ball 2-2: Foul Ball, location: 2F 2-2: Ball 3-2: Foul Ball, location: 2F 3-2: Foul Ball, location: 2F 3-2: Base on Balls
|
|
Batting: RHB Josh Carpenter
|
0-0: Called Strike 0-1: Swinging Strike 0-2: Ball 1-2: Foul Ball, location: 2F 1-2: Foul Ball, location: 2F 1-2: Strikes out swinging
|
|
Batting: RHB Ron Dondale
|
0-0: Ball 1-0: Foul Ball, location: 2F 1-1: Ball 2-1: Called Strike 2-2: Foul Ball, location: 2F 2-2: Ball 3-2: DOUBLE (Line Drive, 78XD, EV 103.8 MPH) George Grace to third George Grace scores
|
|
Batting: RHB Eddy Amaya
|
0-0: Ball 1-0: Swinging Strike 1-1: Ball 2-1: SINGLE (Flyball, 89S, EV 88.8 MPH) Ron Dondale to third Runner from 3rd tries for Home, SAFE, throw by RF to home
|
|
Batting: RHB C.J. Wells
|
0-0: Ball 1-0: Ground out 4-3 (Groundball, 4, EV 80.0 MPH)
|
| Bottom of the 2nd over - 2 runs, 2 hits, 0 errors, 1 left on base; Rice University 3 - University of Arizona 3 |
| TOP OF THE 3RD |
|
Rice University Owls batting - Pitching for University of Arizona Wildcats : LHP Jamal Jeter
|
|
Batting: LHB Eddie Lemus
|
0-0: Ball 1-0: Swinging Strike 1-1: Ball 2-1: Ball 3-1: Base on Balls
|
|
Batting: SHB Yu-hsui Lew
|
0-0: Ball Passed Ball! Eddie Lemus to second 1-0: Foul Ball, location: 2F 1-1: Foul Ball, location: 2F 1-2: Strikes out swinging
|
|
Batting: LHB Dave Marin
|
0-0: Called Strike 0-1: Swinging Strike 0-2: Ball 1-2: Foul Ball, location: 2F 1-2: DOUBLE (Flyball, 78D, EV 108.8 MPH) Eddie Lemus scores
|
|
Batting: RHB Yu-zeng Mai
|
0-0: Swinging Strike 0-1: Ground out 6-3 (Groundball, 6, EV 102.5 MPH)
|
|
Batting: RHB Alonzo Cardona
|
0-0: Ball 1-0: Ball 2-0: Ball 3-0: Foul Ball, location: 2F 3-1: Foul Ball, location: 2F 3-2: Foul Ball, location: 2F 3-2: Foul Ball, location: 2F 3-2: Base on Balls
|
|
Batting: RHB John Burgis
|
0-0: Ball 1-0: Ball 2-0: SINGLE (Groundball, 5L, EV 98.1 MPH) Dave Marin to third Alonzo Cardona to second Runner from 3rd tries for Home, SAFE, throw by LF to home
|
|
Pitching: RHP Rogelio Chavez
|
|
|
Now in LF: Lihau Keawe
|
|
|
Batting: SHB Roderick Speed
|
0-0: Called Strike 0-1: SINGLE (Line Drive, 3D, EV 100.0 MPH) Alonzo Cardona to third John Burgis to second Runner from 3rd tries for Home, SAFE, throw by RF to home
|
|
Batting: RHB Russ Kennett
|
0-0: Ball 1-0: Called Strike 1-1: Ball 2-1: Fly out, F8 (Flyball, 8RD, EV 88.8 MPH)
|
| Top of the 3rd over - 3 runs, 3 hits, 0 errors, 2 left on base; Rice University 6 - University of Arizona 3 |
| BOTTOM OF THE 3RD |
|
University of Arizona Wildcats batting - Pitching for Rice University Owls : RHP Ruben Lozano
|
|
Batting: LHB Lihau Keawe
|
0-0: Ball 1-0: Called Strike 1-1: Foul Ball, location: 2F 1-2: Strikes out looking
|
|
Batting: LHB Pascal Noël
|
0-0: Ball 1-0: Foul Ball, location: 2F 1-1: Ball 2-1: Ball 3-1: Base on Balls
|
|
Batting: RHB Alejandro de Jesus
|
0-0: Ball 1-0: Ball 2-0: Foul Ball, location: 2F 2-1: Foul Ball, location: 2F 2-2: Grounds into double play, 6-4-3 (Groundball, 56, EV 84.4 MPH)
|
| Bottom of the 3rd over - 0 runs, 0 hits, 0 errors, 0 left on base; Rice University 6 - University of Arizona 3 |
| TOP OF THE 4TH |
|
Rice University Owls batting - Pitching for University of Arizona Wildcats : RHP Rogelio Chavez
|
|
Batting: LHB David Coatney
|
0-0: Ball 1-0: Called Strike 1-1: Foul Ball, location: 2F 1-2: Ball 2-2: Ground out 4-3 (Groundball, 4M, EV 90.6 MPH)
|
|
Batting: LHB Eddie Lemus
|
0-0: Ball 1-0: Fly out, F8 (Flyball, 78D, EV 73.8 MPH)
|
|
Batting: SHB Yu-hsui Lew
|
0-0: Swinging Strike 0-1: Ball 1-1: Foul Ball, location: 2F 1-2: Ball 2-2: Ground out 4-3 (Groundball, 4, EV 106.9 MPH)
|
| Top of the 4th over - 0 runs, 0 hits, 0 errors, 0 left on base; Rice University 6 - University of Arizona 3 |
| BOTTOM OF THE 4TH |
|
University of Arizona Wildcats batting - Pitching for Rice University Owls : RHP Ruben Lozano
|
|
Batting: LHB Andrew Davis
|
0-0: Foul Ball, location: 2F 0-1: Ball 1-1: Fly out, F8 (Flyball, 8RM, EV 85.6 MPH)
|
|
Batting: SHB George Grace
|
0-0: Ball 1-0: Foul Ball, location: 2F 1-1: Ball 2-1: Foul Ball, location: 2F 2-2: Ball 3-2: Ground out 4-3 (Groundball, 4, EV 78.1 MPH)
|
|
Batting: RHB Josh Carpenter
|
0-0: Foul Ball, location: 2F 0-1: Ball 1-1: SINGLE (Line Drive, 7S, EV 93.1 MPH)
|
|
Pitching: RHP Ricky Mendoza
|
|
|
Batting: RHB Ron Dondale
|
0-0: Ball 1-0: Called Strike 1-1: Called Strike 1-2: Ball 2-2: Fly out, F9 (Flyball, 9LSF, EV 91.2 MPH)
|
| Bottom of the 4th over - 0 runs, 1 hit, 0 errors, 1 left on base; Rice University 6 - University of Arizona 3 |
| TOP OF THE 5TH |
|
Rice University Owls batting - Pitching for University of Arizona Wildcats : RHP Rogelio Chavez
|
|
Batting: LHB Dave Marin
|
0-0: Swinging Strike 0-1: Called Strike 0-2: Ball 1-2: Ball 2-2: Foul Ball, location: 2F 2-2: Fly out, F9 (Flyball, 89S, EV 85.6 MPH)
|
|
Batting: RHB Yu-zeng Mai
|
0-0: Ball 1-0: Swinging Strike 1-1: Foul Ball, location: 2F 1-2: Strikes out swinging
|
|
Batting: RHB Alonzo Cardona
|
0-0: Ball 1-0: Foul Ball, location: 2F 1-1: Called Strike 1-2: Ball 2-2: Ball 3-2: Base on Balls
|
|
Pitching: RHP Jimmy Serna
|
|
|
Batting: RHB John Burgis
|
0-0: Ball 1-0: Ball 2-0: Ball 3-0: Called Strike 3-1: Ground out 5-3 (Groundball, 56, EV 104.4 MPH)
|
| Top of the 5th over - 0 runs, 0 hits, 0 errors, 1 left on base; Rice University 6 - University of Arizona 3 |
| BOTTOM OF THE 5TH |
|
University of Arizona Wildcats batting - Pitching for Rice University Owls : RHP Ricky Mendoza
|
|
Batting: RHB Eddy Amaya
|
0-0: Called Strike 0-1: Foul Ball, location: 2F 0-2: Strikes out looking
|
|
Batting: RHB C.J. Wells
|
0-0: Ball 1-0: Foul Ball, location: 2F 1-1: Swinging Strike 1-2: Ball 2-2: Ball 3-2: Foul Ball, location: 2F 3-2: Base on Balls
|
|
Batting: LHB Lihau Keawe
|
0-0: Foul Ball, location: 2F 0-1: Ball 1-1: Swinging Strike 1-2: Strikes out looking
|
|
Batting: LHB Pascal Noël
|
0-0: Ball 1-0: SINGLE (Line Drive, 34D, EV 101.9 MPH) C.J. Wells to second
|
|
Batting: RHB Alejandro de Jesus
|
0-0: Foul Ball, location: 2F 0-1: Ball 1-1: Foul Ball, location: 2F 1-2: SINGLE (Flyball, 6MD, EV 88.8 MPH) C.J. Wells to third Pascal Noël to second Runner from 3rd tries for Home, SAFE, throw by CF to home
|
|
Batting: LHB Andrew Davis
|
0-0: Called Strike 0-1: Foul Ball, location: 2F 0-2: SINGLE (Line Drive, 34D, EV 106.9 MPH) Pascal Noël to third Alejandro de Jesus to second Runner from 3rd tries for Home, SAFE, throw by RF to home
|
|
Batting: SHB George Grace
|
0-0: Ball 1-0: Ball 2-0: Called Strike 2-1: Called Strike 2-2: Ball 3-2: Fly out, F6 (Popup, 6M, EV 70.0 MPH)
|
| Bottom of the 5th over - 2 runs, 3 hits, 0 errors, 2 left on base; Rice University 6 - University of Arizona 5 |
| TOP OF THE 6TH |
|
Rice University Owls batting - Pitching for University of Arizona Wildcats : RHP Jimmy Serna
|
|
Batting: SHB Roderick Speed
|
0-0: Called Strike 0-1: Ball 1-1: Foul Ball, location: 2F 1-2: Strikes out swinging
|
|
Batting: RHB Russ Kennett
|
0-0: Called Strike 0-1: Fly out, F7 (Flyball, 78M, EV 85.0 MPH)
|
|
Batting: LHB David Coatney
|
0-0: Called Strike 0-1: Fly out, F6 (Popup, 6MD, EV 53.1 MPH)
|
| Top of the 6th over - 0 runs, 0 hits, 0 errors, 0 left on base; Rice University 6 - University of Arizona 5 |
| BOTTOM OF THE 6TH |
|
University of Arizona Wildcats batting - Pitching for Rice University Owls : RHP Ricky Mendoza
|
|
Batting: RHB Josh Carpenter
|
0-0: Called Strike 0-1: Ball 1-1: Ball 2-1: SINGLE (Groundball, 4MD, EV 105.0 MPH)
|
|
Batting: RHB Ron Dondale
|
0-0: Ball 1-0: Called Strike 1-1: Foul Ball, location: 2F 1-2: Grounds out, U3 (Groundball, 3L, EV 93.1 MPH)
|
|
Pitching: LHP Joel Brown
|
|
|
Batting: RHB Eddy Amaya
|
0-0: Called Strike 0-1: SINGLE (Line Drive, 6MD, EV 96.9 MPH) Josh Carpenter to third
|
|
Batting: RHB C.J. Wells
|
0-0: Ball 1-0: Called Strike 1-1: Called Strike 1-2: Ball 2-2: Foul Ball, location: 2F 2-2: DOUBLE (Groundball, 5L, EV 94.4 MPH) Josh Carpenter scores Eddy Amaya to third
|
|
Batting: LHB Lihau Keawe
|
0-0: Ground out 5-3 (Groundball, 5, EV 81.9 MPH)
|
|
Batting: LHB Pascal Noël
|
0-0: Called Strike 0-1: Foul Ball, location: 2F 0-2: Fly out, F7 (Flyball, 78S, EV 83.8 MPH)
|
| Bottom of the 6th over - 1 run, 3 hits, 0 errors, 2 left on base; Rice University 6 - University of Arizona 6 |
| TOP OF THE 7TH |
|
Rice University Owls batting - Pitching for University of Arizona Wildcats : RHP Jimmy Serna
|
|
Pitching: LHP Armando Guzman
|
|
|
Batting: LHB Eddie Lemus
|
0-0: Fly out, F8 (Flyball, 8RXD, EV 90.0 MPH)
|
|
Batting: SHB Yu-hsui Lew
|
0-0: Swinging Strike 0-1: Ball 1-1: Ball 2-1: Foul Ball, location: 2F 2-2: DOUBLE (Groundball, 5L, EV 102.5 MPH)
|
|
Batting: LHB Dave Marin
|
0-0: Intentional Walk
|
|
Batting: RHB Yu-zeng Mai
|
0-0: Called Strike 0-1: Foul Ball, location: 2F 0-2: Ball 1-2: Foul Ball, location: 2F 1-2: Foul Ball, location: 2F 1-2: Fielders Choice at 2nd, 6-4 (Groundball, 6, EV 100.0 MPH) Yu-hsui Lew to third
|
|
Batting: RHB Alonzo Cardona
|
0-0: Called Strike 0-1: Swinging Strike 0-2: Ball 1-2: Fly out, F8 (Flyball, 8RM, EV 85.0 MPH)
|
| Top of the 7th over - 0 runs, 1 hit, 0 errors, 2 left on base; Rice University 6 - University of Arizona 6 |
| BOTTOM OF THE 7TH |
|
University of Arizona Wildcats batting - Pitching for Rice University Owls : LHP Joel Brown
|
|
Batting: RHB Alejandro de Jesus
|
0-0: Ground out 4-3 (Groundball, 4, EV 86.2 MPH)
|
|
Batting: LHB Andrew Davis
|
0-0: Ball 1-0: Foul Ball, location: 2F 1-1: Ball 2-1: Swinging Strike 2-2: Strikes out swinging
|
|
Batting: SHB George Grace
|
0-0: Called Strike 0-1: Swinging Strike 0-2: Ball 1-2: Strikes out swinging
|
| Bottom of the 7th over - 0 runs, 0 hits, 0 errors, 0 left on base; Rice University 6 - University of Arizona 6 |
| TOP OF THE 8TH |
|
Rice University Owls batting - Pitching for University of Arizona Wildcats : LHP Armando Guzman
|
|
Pitching: RHP Fita Muzorewa
|
|
|
Batting: RHB John Burgis
|
0-0: Fly out, F8 (Flyball, 8RD, EV 107.5 MPH)
|
|
Batting: SHB Roderick Speed
|
0-0: Ball 1-0: Ball 2-0: Ball 3-0: Called Strike 3-1: Foul Ball, location: 2F 3-2: Base on Balls
|
|
Batting: RHB Russ Kennett
|
0-0: Ball 1-0: Called Strike 1-1: Ball 2-1: Swinging Strike 2-2: Foul Ball, location: 2F 2-2: Ball 3-2: Fielders Choice at 2nd, 6-4 (Groundball, 6, EV 91.2 MPH)
|
|
Pinch Hitting: SHB Joan Coucieiro
|
0-0: Ball 1-0: Ball 2-0: Called Strike 2-1: Ground out 1-3 (Groundball, 34S, EV 62.5 MPH)
|
| Top of the 8th over - 0 runs, 0 hits, 0 errors, 1 left on base; Rice University 6 - University of Arizona 6 |
| BOTTOM OF THE 8TH |
|
University of Arizona Wildcats batting - Pitching for Rice University Owls : LHP Joel Brown
|
|
Pitching: LHP Killian Wellman
|
|
|
Now in LF: David Goad
|
|
|
Batting: RHB Josh Carpenter
|
0-0: Ball 1-0: Ball 2-0: Ball 3-0: Called Strike 3-1: Base on Balls
|
|
Batting: RHB Ron Dondale
|
0-0: Called Strike 0-1: Reached on error, E1 (Groundball, P, EV 68.1 MPH) Josh Carpenter to second
|
|
Batting: RHB Eddy Amaya
|
0-0: Ball 1-0: Swinging Strike 1-1: Ball 2-1: Swinging Strike 2-2: Ball 3-2: Strikes out swinging
|
|
Batting: RHB C.J. Wells
|
0-0: Fly out, F8 (Flyball, 8LS, EV 86.9 MPH)
|
|
Batting: LHB Lihau Keawe
|
0-0: Called Strike 0-1: Swinging Strike 0-2: Foul Ball, location: 2F 0-2: Ball 1-2: Ball 2-2: Fly out, F9 (Line Drive, 9S, EV 97.5 MPH)
|
| Bottom of the 8th over - 0 runs, 0 hits, 1 error, 2 left on base; Rice University 6 - University of Arizona 6 |
| TOP OF THE 9TH |
|
Rice University Owls batting - Pitching for University of Arizona Wildcats : RHP Fita Muzorewa
|
|
Batting: LHB Eddie Lemus
|
0-0: Ground out U3 (Groundball, 3, EV 83.8 MPH)
|
|
Batting: SHB Yu-hsui Lew
|
0-0: Ball 1-0: Ball 2-0: Called Strike 2-1: Ball 3-1: Fly out, F4 (Popup, 4, EV 52.5 MPH)
|
|
Batting: LHB Dave Marin
|
0-0: Ball 1-0: Swinging Strike 1-1: Ground out 4-3 (Groundball, 4M, EV 87.5 MPH)
|
| Top of the 9th over - 0 runs, 0 hits, 0 errors, 0 left on base; Rice University 6 - University of Arizona 6 |
| BOTTOM OF THE 9TH |
|
University of Arizona Wildcats batting - Pitching for Rice University Owls : LHP Killian Wellman
|
|
Pitching: RHP Steve Seaman
|
|
|
Batting: LHB Pascal Noël
|
0-0: Called Strike 0-1: Ball 1-1: Ground out 4-3 (Groundball, 4, EV 106.2 MPH)
|
|
Batting: RHB Alejandro de Jesus
|
0-0: Ball 1-0: Fly out, F9 (Flyball, 9LS, EV 91.2 MPH)
|
|
Batting: LHB Andrew Davis
|
0-0: Called Strike 0-1: DOUBLE (Line Drive, 3D, EV 98.8 MPH)
|
|
Batting: SHB George Grace
|
0-0: Intentional Walk
|
|
Batting: RHB Josh Carpenter
|
0-0: Fly out, F9 (Flyball, 89D, EV 106.2 MPH)
|
| Bottom of the 9th over - 0 runs, 1 hit, 0 errors, 2 left on base; Rice University 6 - University of Arizona 6 |
| TOP OF THE 10TH |
|
Rice University Owls batting - Pitching for University of Arizona Wildcats : RHP Fita Muzorewa
|
|
Pitching: LHP Jessie Leslie
|
|
|
Batting: RHB Yu-zeng Mai
|
0-0: Called Strike 0-1: Called Strike 0-2: Ball 1-2: SINGLE (Groundball, 56, EV 100.0 MPH)
|
|
Batting: RHB Alonzo Cardona
|
0-0: Sac Bunt to 23 - play at first, batter OUT! 3-4 Yu-zeng Mai to second
|
|
Batting: RHB John Burgis
|
0-0: Intentional Walk
|
|
Batting: SHB Roderick Speed
|
0-0: Called Strike 0-1: Swinging Strike 0-2: Ball 1-2: Fly out, F9 (Flyball, 9LSF, EV 97.5 MPH)
|
|
Batting: RHB Russ Kennett
|
0-0: Called Strike 0-1: Ball 1-1: Foul Ball, location: 2F 1-2: Strikes out looking
|
| Top of the 10th over - 0 runs, 1 hit, 0 errors, 2 left on base; Rice University 6 - University of Arizona 6 |
| BOTTOM OF THE 10TH |
|
University of Arizona Wildcats batting - Pitching for Rice University Owls : RHP Steve Seaman
|
|
Pitching: RHP John Kerfoot
|
|
|
Batting: RHB Ron Dondale
|
0-0: Ground out 6-3 (Groundball, 56, EV 106.9 MPH)
|
|
Batting: RHB Eddy Amaya
|
0-0: Ball 1-0: Foul Ball, location: 2F 1-1: Foul Ball, location: 2F 1-2: Ball 2-2: Strikes out swinging
|
|
Batting: RHB C.J. Wells
|
0-0: Fly out, F5 (Popup, 5S, EV 87.5 MPH)
|
| Bottom of the 10th over - 0 runs, 0 hits, 0 errors, 0 left on base; Rice University 6 - University of Arizona 6 |
| TOP OF THE 11TH |
|
Rice University Owls batting - Pitching for University of Arizona Wildcats : LHP Jessie Leslie
|
|
Batting: LHB David Goad
|
0-0: Fly out, F8 (Flyball, 78D, EV 104.4 MPH)
|
|
Batting: RHB Adrian Quilantan
|
0-0: Called Strike 0-1: Ball 1-1: Called Strike 1-2: Ball 2-2: SINGLE (Groundball, 4MD, EV 97.5 MPH)
|
|
Batting: SHB Yu-hsui Lew
|
0-0: Foul Ball, location: 2F 0-1: Ball 1-1: Called Strike 1-2: Ball 2-2: Foul Ball, location: 2F 2-2: Foul Ball, location: 2F 2-2: Foul Ball, location: 2F 2-2: Fielders Choice at 2nd, 5-4 (Groundball, 56S, EV 80.6 MPH)
|
|
Batting: LHB Dave Marin
|
0-0: Called Strike 0-1: Ground out 4-3 (Groundball, 4, EV 93.1 MPH)
|
| Top of the 11th over - 0 runs, 1 hit, 0 errors, 1 left on base; Rice University 6 - University of Arizona 6 |
| BOTTOM OF THE 11TH |
|
University of Arizona Wildcats batting - Pitching for Rice University Owls : RHP John Kerfoot
|
|
Batting: LHB Lihau Keawe
|
0-0: Ball 1-0: Foul Ball, location: 2F 1-1: Ground out 6-3 (Groundball, 6, EV 83.8 MPH)
|
|
Batting: LHB Pascal Noël
|
0-0: Swinging Strike 0-1: Ball 1-1: Swinging Strike 1-2: Ball 2-2: Ground out U3 (Groundball, 34, EV 88.1 MPH)
|
|
Batting: RHB Alejandro de Jesus
|
0-0: Ball 1-0: Called Strike 1-1: Ball 2-1: Ground out 6-3 (Groundball, 6D, EV 105.6 MPH)
|
| Bottom of the 11th over - 0 runs, 0 hits, 0 errors, 0 left on base; Rice University 6 - University of Arizona 6 |
| TOP OF THE 12TH |
|
Rice University Owls batting - Pitching for University of Arizona Wildcats : LHP Jessie Leslie
|
|
Pitching: RHP Chris Obloy
|
|
|
Batting: RHB Yu-zeng Mai
|
0-0: Called Strike 0-1: DOUBLE (Line Drive, 9LM, EV 108.1 MPH) - OUT at third base trying to stretch hit.
|
|
Batting: RHB Alonzo Cardona
|
0-0: Ball 1-0: Ball 2-0: Ball 3-0: Called Strike 3-1: Called Strike 3-2: Foul Ball, location: 2F 3-2: Ground out 1-3 (Groundball, 13S, EV 72.5 MPH)
|
|
Batting: RHB John Burgis
|
0-0: Ball 1-0: Foul Ball, location: 2F 1-1: Ground out 4-3 (Groundball, 4, EV 99.4 MPH)
|
| Top of the 12th over - 0 runs, 1 hit, 0 errors, 0 left on base; Rice University 6 - University of Arizona 6 |
| BOTTOM OF THE 12TH |
|
University of Arizona Wildcats batting - Pitching for Rice University Owls : RHP John Kerfoot
|
|
Batting: LHB Andrew Davis
|
0-0: SOLO HOME RUN (Flyball, 7LD, EV 95.0 MPH), Distance : 342 ft
|
| Bottom of the 12th over - 1 run, 1 hit, 0 errors, 0 left on base; Rice University 6 - University of Arizona 7 |
|